 Dungeon Crawl Stone Soup version 0.17-a0-1923-gc35365e (webtiles) character file.

1059 achirane the Thrower (level 8, 0/71 HPs)
             Began as a Centaur Hunter on Sept 28, 2015.
             Succumbed to poison (a potion of poison)
             ... on level 8 of the Dungeon.
             The game lasted 00:31:53 (1805 turns).

achirane the Thrower (Centaur Hunter)               Turns: 1805, Time: 00:31:54

Health: 0/71       AC:  7    Str: 15    XL:     8   Next: 6%
Magic:  8/8        EV:  7    Int: 15    God:
Gold:   162        SH:  0    Dex: 12    Spells: 0 memorised, 7 levels left

rFire  . . .     SeeInvis .     v - +3 spear "Yddomoad" {pierce, MR+} (curse)
rCold  . . .     Clarity  .     l - +0 scale mail
rNeg   . . .     SustAt   .     (no shield)
rPois  .         Gourm    .     (no helmet)
rElec  .         Spirit   .     (no cloak)
rCorr  .         Warding  .     i - +0 pair of gloves
rMut   .         Stasis   .     (no barding)
MR     +....                    (no amulet)
Stlth  ..........               (no ring)
                                (no ring)

@: brilliant, lethally poisoned (0 -> -7), very slightly contaminated, hasted,
very quick, somewhat resistant to hostile enchantments, extremely unstealthy
A: hooves 3, deformed body, speed 2, tough skin 3
a: no special abilities


You were on level 8 of the Dungeon.
You were hungry.

You visited 1 branch of the dungeon, and saw 8 of its levels.

You collected 162 gold pieces.

Inventory:

Hand weapons
 c - a +0 short sword
 m - a +0 spear of flaming
   (You found it on level 4 of the Dungeon)
 q - a +2 falchion of venom
   (You took it off Eustachio on level 4 of the Dungeon)
 v - the cursed +3 spear "Yddomoad" (weapon) {pierce, MR+}
   (You found it on level 7 of the Dungeon)

   It inflicts extra damage upon your enemies.
   It affects your resistance to hostile enchantments.
   It has a curse placed upon it.
Missiles
 b - a throwing net {=f, !d}
 d - 8 tomahawks
 g - 31 poisoned needles
 A - 5 javelins of returning (quivered)
Armour
 i - a +0 pair of gloves (worn)
   (You found it on level 3 of the Dungeon)
 l - a +0 scale mail (worn)
   (You found it on level 3 of the Dungeon)
Magical devices
 s - a wand of frost (8)
   (You found it on level 7 of the Dungeon)
 t - a wand of magic darts (29)
   (You found it on level 7 of the Dungeon)
 B - a wand of draining (3)
   (You found it on level 8 of the Dungeon)
Scrolls
 h - a scroll of noise {unknown}
 j - a scroll of immolation {unknown}
 k - 2 scrolls of fog {unknown}
 o - 2 scrolls of identify
 w - a scroll of blinking {unknown}
 y - a scroll of remove curse {unknown}
Potions
 n - 2 potions of cancellation
 r - 2 potions of degeneration {!q}
Comestibles
 e - 4 bread rations {@e1}
 x - 2 chunks of flesh {@w0}


   Skills:
 + Level 6.9 Fighting
 + Level 10.1 Throwing
 - Level 1.3 Dodging
 - Level 0.5 Stealth


You had 7 spell levels left.
You didn't know any spells.

Dungeon Overview and Level Annotations

Branches:
Dungeon (8/15)
 Temple: D:4-7         Lair: D:8-11

Altars:
Gozag

Shops:
D:7 *

Annotations:
D:3 Grinder
D:4 graki42's ghost, average DECj


Innate Abilities, Weirdness & Mutations

You have hooves in place of feet.
Armour fits poorly on your strangely shaped body.
You cover ground very quickly.
You have extremely tough skin (AC +3).


Message History

The javelin of returning misses the killer bee.
The javelin of returning returns to your pack!
You feel sick. The killer bee stings you.
* * * LOW HITPOINT WARNING * * *
You take 4 damage, and have 19/64 hp.
Throwing (i - inventory. (,) - cycle):
A - 5 javelins of returning (quivered)
Press: ? - help, Shift-Dir - straight line, f/p - killer bee
Aim: a killer bee (moderately wounded)
You throw a javelin of returning.
The javelin of returning hits the killer bee!
The killer bee is severely wounded.
The javelin of returning fails to return to your pack!
You feel sick. The killer bee barely misses you. The worker ant bites you.
* * * LOW HITPOINT WARNING * * *
You take 6 damage, and have 13/64 hp.
Throwing (i - inventory. (,) - cycle):
A - 4 javelins of returning (quivered)
Press: ? - help, Shift-Dir - straight line, f/p - killer bee
Aim: a killer bee (severely wounded)
You throw a javelin of returning.
The javelin of returning hits the killer bee!
You kill the killer bee!
Your Throwing skill increases to level 10!
The javelin of returning returns to your pack!
The worker ant bites you.
* * * LOW HITPOINT WARNING * * *
You take 3 damage, and have 10/64 hp.
Throwing (i - inventory. (,) - cycle):
A - 4 javelins of returning (quivered)
Press: ? - help, Shift-Dir - straight line, f - worker ant
Aim: a worker ant You throw a javelin of returning.
The javelin of returning barely misses the worker ant.
The javelin of returning returns to your pack!
* * * LOW HITPOINT WARNING * * *
You feel sick.
You take 1 damage, and have 9/64 hp.
Throwing (i - inventory. (,) - cycle):
A - 4 javelins of returning (quivered)
Press: ? - help, Shift-Dir - straight line, f/p - worker ant
Aim: a worker ant You throw a javelin of returning.
The javelin of returning hits the worker ant!
The worker ant is severely wounded.
The javelin of returning returns to your pack!
* * * LOW HITPOINT WARNING * * *
You feel sick.
The worker ant bites you but does no damage.
You take 1 damage, and have 8/64 hp.
Throwing (i - inventory. (,) - cycle):
A - 4 javelins of returning (quivered)
Press: ? - help, Shift-Dir - straight line, f/p - worker ant
Aim: a worker ant (severely wounded)
You throw a javelin of returning.
The javelin of returning closely misses the worker ant.
The javelin of returning returns to your pack!
* * * LOW HITPOINT WARNING * * *
You feel sick. The worker ant bites you.
* * * LOW HITPOINT WARNING * * *
You take 3 damage, and have 5/64 hp.
Throwing (i - inventory. (,) - cycle):
A - 4 javelins of returning (quivered)
Press: ? - help, Shift-Dir - straight line, f/p - worker ant
Aim: a worker ant (severely wounded)
You throw a javelin of returning.
The javelin of returning hits the worker ant.
The worker ant is almost dead.
The javelin of returning returns to your pack!
* * * LOW HITPOINT WARNING * * *
You feel sick.
The worker ant bites you but does no damage.
You take 1 damage, and have 4/64 hp.
Throwing (i - inventory. (,) - cycle):
A - 4 javelins of returning (quivered)
Press: ? - help, Shift-Dir - straight line, f/p - worker ant
Aim: a worker ant (almost dead)
You throw a javelin of returning.
The javelin of returning hits the worker ant!
You kill the worker ant!
You have reached level 8!
You feel stronger.
The javelin of returning returns to your pack!
MP restored: 8 Drink which item? (? for menu, Esc to quit)
Okay, then.
* * * LOW HITPOINT WARNING * * *
You feel sick.
You see here a javelin of returning.
You take 1 damage, and have 3/71 hp.
A - 5 javelins of returning (gained 1)
* * * LOW HITPOINT WARNING * * *
You feel sick.
Throwing (i - inventory. (,) - cycle):
A - 5 javelins of returning (quivered)
Press: ? - help, Shift-Dir - straight line, f - killer bee
Aim: a killer bee You throw a javelin of returning.
The javelin of returning hits the killer bee!!
You kill the killer bee!
The javelin of returning returns to your pack!
* * * LOW HITPOINT WARNING * * *
You feel sick.
You take 1 damage, and have 2/71 hp.
* * * LOW HITPOINT WARNING * * *
You feel sick.
You take 1 damage, and have 1/71 hp.
You die...

#### ##### ###########
#.. ...# ##......)..#
##.######.###...####.#.#
#.........y.....# #.#.#
#..######.#.y...#
#.#.#### #..# #.##.(†.#
#.#....#
#..######y###.#†#
#.####.# #....y....#
#.#@# #.# #.#
#.######### #.#.# #.#
#.# ### #.# #+#.# #.#
#.. #.# ..# #.# #.# #.#
.... ###.# #.# ..... #
##.#.# #y.
.......##.#....####.#
#...
........+.............
#.y..
.........##.#....####.#


There were no monsters in sight!

Vanquished Creatures
  Eustachio (D:4)
  An ogre (D:4)
  A phantom (D:7)
  A centaur (D:7)
  A giant frog (D:8)
  4 killer bees (D:8)
  A crimson imp (D:5)
  A giant frog zombie (D:5)
  A centaur skeleton (D:4)
  2 hounds
  2 iguanas
  An orc priest (D:5)
  A jelly (D:5)
  An orc wizard (D:4)
  2 worker ants
  5 adders
  A shadow imp (D:6)
  An adder skeleton (D:7)
  A worm (D:3)
  7 orcs
  A bat (D:2)
  A giant cockroach (D:4)
  3 hobgoblins
  3 kobolds
  A quokka (D:5)
  2 giant geckos
  2 giant newts
  6 goblins
  A jackal skeleton (D:4)
  A jackal zombie (D:7)
  A rat (D:3)
58 creatures vanquished.

Notes
Turn   | Place    | Note
--------------------------------------------------------------
     0 | D:1      | achirane the Centaur Hunter began the quest for the Orb.
     0 | D:1      | Reached XP level 1. HP: 17/17 MP: 1/1
    29 | D:2      | Reached XP level 2. HP: 19/25 MP: 2/2
   200 | D:3      | Reached XP level 3. HP: 25/30 MP: 3/3
   233 | D:3      | Noticed Grinder
   255 | D:3      | Reached skill level 3 in Fighting
   366 | D:3      | Reached skill level 6 in Throwing
   481 | D:3      | Reached XP level 4. HP: 29/38 MP: 4/4
   594 | D:4      | Noticed graki42's ghost (average DECj)
   697 | D:4      | Noticed an ogre
   722 | D:4      | Killed an ogre
   722 | D:4      | Reached skill level 4 in Fighting
   722 | D:4      | Reached skill level 7 in Throwing
   722 | D:4      | Reached XP level 5. HP: 46/46 MP: 5/5
   847 | D:4      | Noticed Eustachio
   860 | D:4      | Killed Eustachio
   860 | D:4      | Reached skill level 5 in Fighting
   860 | D:4      | Reached skill level 8 in Throwing
   860 | D:4      | Reached XP level 6. HP: 54/56 MP: 6/6
   903 | D:5      | Entered Level 5 of the Dungeon
  1086 | D:5      | Reached XP level 7. HP: 51/61 MP: 7/7
  1306 | D:7      | Got a bloodstained spear
  1307 | D:7      | Identified the cursed +3 spear "Yddomoad" {pierce, MR+} (You found it on level 7 of the Dungeon)
  1354 | D:7      | Reached skill level 9 in Throwing
  1377 | D:7      | Found Dakh's Assorted Antiques.
  1405 | D:7      | Reached skill level 6 in Fighting
  1463 | D:7      | Found an opulent altar of Gozag.
  1561 | D:8      | Noticed a wyvern
  1792 | D:8      | HP: 13/64 [worker ant (5)]
  1793 | D:8      | Reached skill level 10 in Throwing
  1796 | D:8      | HP: 5/64 [worker ant (2)]
  1798 | D:8      | Reached XP level 8. HP: 4/71 MP: 8/8
  1802 | D:8      | HP: 2/71 [poison (a potion of poison)]
  1805 | D:8      | Succumbed to poison (a potion of poison)

Vault maps used:
D:1:      dpeg_arrival_rhombus
D:2:      nicolae_overflow_hidden_temple
D:3:      trog_eyes_of_draining, serial_bayou_lagoon_a, uniq_grinder
D:4:      first_bread, uniq_eustachio, uniq_duvessa
D:5:      amethyst_overflow_temple_binary, hangedman_decor_clover_reticule
D:6:      minmay_temple_entry_butterflies, nicolae_ossuary_entry_monument,
          patterned_corridor
D:7:      nicolae_gozag_seed_capital, serial_shops, shop, nicolae_shop_trees
D:8:      kennysheep_big_flooded_room, lemuel_round_altar, serial_shops, shop

Action                   |  1- 3 |  4- 6 |  7- 9 || total
-------------------------+-------+-------+-------++-------
Melee: Short sword       |    39 |    19 |    19 ||    77
       Spear             |       |       |    24 ||    24
Throw: Javelin           |    35 |    36 |    45 ||   116
       Tomahawk          |     2 |    27 |    30 ||    59
       Throwing net      |       |     1 |       ||     1
Evoke: Wand              |       |       |     4 ||     4
  Use: Potion            |       |       |     4 ||     4
       Scroll            |       |       |     2 ||     2
 Stab: Held in net/web   |       |     1 |       ||     1
  Eat: Chunk             |       |       |     1 ||     1

Vault maps used:
D:1:      dpeg_arrival_rhombus
D:2:      nicolae_overflow_hidden_temple
D:3:      trog_eyes_of_draining, serial_bayou_lagoon_a, uniq_grinder
D:4:      first_bread, uniq_eustachio, uniq_duvessa
D:5:      amethyst_overflow_temple_binary, hangedman_decor_clover_reticule
D:6:      minmay_temple_entry_butterflies, nicolae_ossuary_entry_monument,
          patterned_corridor
D:7:      nicolae_gozag_seed_capital, serial_shops, shop, nicolae_shop_trees
D:8:      kennysheep_big_flooded_room, lemuel_round_altar, serial_shops, shop

Table legend:
 A = Turns spent in this place as a percentage of turns spent in the entire game.
 B = Non-inter-level travel turns spent in this place as a percentage of non-inter-level travel turns spent in the entire game.
 C = Inter-level travel turns spent in this place as a percentage of turns spent in this place.
 D = Turns resting spent in this place as a percentage of non-inter-level travel turns spent in this place.
 E = Turns spent auto-exploring this place as a percentage of non-inter-level travel turns spent in this place.
 F = Non-inter-level travel turns spent in this place divided by the number of levels of this place that you've seen.
                   A       B       C       D       E      F
               +-------+-------+-------+-------+-------+----------------------
         Total | 100.0 | 100.0 |   0.0 |   0.0 |   0.0 | 200.5
       Dungeon | 100.0 | 100.0 |   0.0 |   0.0 |   0.0 | 200.5
               +-------+-------+-------+-------+-------+----------------------

Table legend:
 A = Kills in this place as a percentage of kills in entire the game.
 B = Kills by you in this place as a percentage of kills by you in the entire game.
 C = Kills by friends in this place as a percentage of kills by friends in the entire game.
 D = Other kills in this place as a percentage of other kills in the entire game.
 E = Experience gained in this place as a percentage of experience gained in the entire game.
 F = Experience gained in this place divided by the number of levels of this place that you have seen.
                   A       B       C       D       E      F
               +-------+-------+-------+-------+-------+----------------------
         Total | 100.0 | 100.0 |  -nan |  -nan | 100.0 | 189.2
       Dungeon | 100.0 | 100.0 |  -nan |  -nan | 100.0 | 189.2
               +-------+-------+-------+-------+-------+----------------------
